 Dungeon Crawl Stone Soup version 0.17-a0-1181-gabc46e6 (webtiles) character file.

571 Murumi the Slasher (level 7, 0/54 HPs)
             Began as a Formicid Fighter on May 31, 2015.
             Slain by Murumi's ghost (3 damage)
             ... on level 4 of the Dungeon.
             The game lasted 00:15:00 (3068 turns).

Murumi the Slasher (Formicid Fighter)               Turns: 3068, Time: 00:15:00

Health: 0/54       AC:  8    Str: 22    XL:     7   Next: 60%
Magic:  7/7        EV:  9    Int:  8    God:
Gold:   137        SH: 11    Dex: 10    Spells: 0 memorised, 6 levels left

rFire  . . .     SeeInvis +     a - +0 long sword
rCold  . . .     Clarity  .     b - +0 scale mail
rNeg   . . .     SustAt   .     c - +1 shield
rPois  .         Gourm    .     (helmet unavailable)
rElec  .         Spirit   .     (no cloak)
rCorr  .         Warding  .     (no gloves)
rMut   .         Stasis   +     q - +0 pair of boots
MR     .....                    (no amulet)
Stlth  ..........               (no ring)
                                (no ring)

@: not resistant to hostile enchantments, extremely unstealthy
A: permanent stasis, dig shafts and tunnels, four strong arms, antennae 3
a: Dig, Shaft Self


You were on level 4 of the Dungeon.
You were not hungry.

You visited 1 branch of the dungeon, and saw 4 of its levels.

You collected 137 gold pieces.

Inventory:

Hand weapons
 a - a +0 long sword (weapon)
Missiles
 p - 16 bolts
Armour
 b - a +0 scale mail (worn)
 c - a +1 shield (worn)
 q - a +0 pair of boots (worn)
Scrolls
 i - 2 scrolls of enchant armour
 t - a scroll of remove curse
Potions
 f - a potion of curing {unknown}
 g - 2 potions of magic {unknown}
 h - a potion of flight {unknown}
 j - a potion of degeneration {unknown}
 l - a potion of mutation {unknown}
 m - a potion of haste {unknown}
 o - a potion of invisibility {unknown}
 r - a potion of brilliance {unknown}
Comestibles
 d - a chunk of flesh
 e - 4 bread rations
 n - 2 meat rations
 s - a slice of pizza


   Skills:
 - Level 4.0 Fighting
 - Level 6.0 Long Blades
 - Level 4.0 Armour
 - Level 2.0 Dodging
 + Level 5.2 Shields


You had 6 spell levels left.
You didn't know any spells.

Dungeon Overview and Level Annotations

Branches:
Dungeon (4/15)
 Temple: D:4-7

Altars:
Trog

Annotations:
D:4 Dowan; Murumi's ghost, experienced FoFi


Innate Abilities, Weirdness & Mutations

You are under a permanent stasis effect.
You can dig through walls and to a lower floor.
Your four strong arms can wield two-handed weapons with a shield.
You have a pair of large antennae on your head (SInv).


Message History

You block Murumi's ghost's attack.
You hit Murumi's ghost.
Murumi's ghost is severely damaged.
Murumi's ghost whispers, "Everlasting silence awaits you..."
Murumi's ghost hits you but does no damage.
Your shield and scale mail prevent you from hitting Murumi's ghost.
Murumi's ghost is severely damaged.
Murumi's ghost hits you.
* * * LOW HITPOINT WARNING * * *
You hit Murumi's ghost but do no damage.
Murumi's ghost is severely damaged.
Murumi's ghost hits you.
* * * LOW HITPOINT WARNING * * *
Dowan gestures wildly while chanting.
Dowan blinks!
Murumi's ghost hits you but does no damage.
You slash Murumi's ghost!
Murumi's ghost is severely damaged.
Murumi's ghost hits you.
You die...

####### { #...... . ###
#...... ... #@# #......
.##..#W##########......
....!%.a§.............>.
..................####.#
#.##.##.###.#####.##.#.#
#. #.# #........<.#.# #
..# #.....#....#.. .#(#
#.....##......
..#.##..######...#..


You could see a worker ant and Murumi's ghost.

Vanquished Creatures
  The ghost of Murumi the Covered, an experienced FoFi (D:3)
  Duvessa (D:4)
  An orc wizard (D:3)
  5 adders
  An adder skeleton (D:4)
  2 worms
  2 giant geckos
  10 orcs (D:3)
  3 giant cockroaches
  5 hobgoblins
  9 jackals (D:3)
  15 kobolds
  3 ball pythons
  5 bats
  6 giant newts
  11 goblins
  10 rats
90 creatures vanquished.

Notes
Turn   | Place    | Note
--------------------------------------------------------------
     0 | D:1      | Murumi the Formicid Fighter began the quest for the Orb.
     0 | D:1      | Reached XP level 1. HP: 18/18 MP: 1/1
    84 | D:1      | Reached skill level 4 in Shields
   126 | D:1      | Reached XP level 2. HP: 21/24 MP: 2/2
   173 | D:1      | Reached skill level 1 in Dodging
   597 | D:1      | Reached XP level 3. HP: 29/29 MP: 3/3
  1382 | D:2      | Reached XP level 4. HP: 14/37 MP: 4/4
  1756 | D:3      | Noticed Murumi's ghost (experienced FoFi)
  2268 | D:3      | Killed Murumi's ghost
  2268 | D:3      | Reached skill level 5 in Long Blades
  2268 | D:3      | Reached XP level 5. HP: 18/42 MP: 5/5
  2268 | D:3      | Reached XP level 6. HP: 20/48 MP: 6/6
  2268 | D:3      | Reached XP level 7. HP: 22/54 MP: 7/7
  2707 | D:3      | Found a bloodstained altar of Trog.
  2788 | D:3      | Reached skill level 6 in Long Blades
  3007 | D:4      | Noticed Duvessa
  3027 | D:4      | Noticed Dowan
  3028 | D:4      | Killed Duvessa
  3028 | D:4      | Reached skill level 5 in Shields
  3030 | D:4      | Noticed Murumi's ghost (experienced FoFi)
  3068 | D:4      | Slain by Murumi's ghost

Vault maps used:
D:1:      lightli_arrival_quake
D:2:      st_stairs_5
D:3:      hangedman_feature_mirror, trog_book
D:4:      first_bread, uniq_crazy_yiuf_cottage, uniq_duvessa

Action                   |  1- 3 |  4- 6 |  7- 9 || total
-------------------------+-------+-------+-------++-------
Melee: Long sword        |   133 |   120 |   153 ||   406
 Abil: Dig               |       |     1 |       ||     1
  Use: Scroll            |     4 |       |       ||     4
       Potion            |       |     2 |     1 ||     3
  Eat: Chunk             |     2 |     3 |     3 ||     8
